 Dungeon Crawl Stone Soup version 0.28-a0-1002-gf00fe891ef (webtiles) character file.

Game seed: 13572946288549024383

4 Umoon the Ducker (level 1, 0/16 HPs)
             Began as a Demonspawn Gladiator on Dec 6, 2021.
             Slain by a goblin (2 damage)
             ... on level 1 of the Dungeon.
             The game lasted 00:00:09 (53 turns).

Umoon the Ducker (Demonspawn Gladiator)               Turns: 53, Time: 00:00:09

Health: 0/16       AC:  4    Str: 14    XL:     1   Next: 50%
Magic:  1/1        EV: 12    Int:  9    God:
Gold:   0          SH:  0    Dex: 14    Spells: 0/0 levels left

rFire   . . .      SeeInvis .   a - +0 rapier
rCold   . . .      Faith    .   (no shield)
rNeg    . . .      Spirit   .   b - +0 leather armour
rPois   .          Reflect  .   c - +0 helmet
rElec   .          Harm     .   (no cloak)
rCorr   .          Rampage  .   (no gloves)
Will    .....                   (no boots)
Stlth   +.........              (no amulet)
HPRegen 0.05/turn               (no ring)
MPRegen 0.07/turn               (no ring)

@: no status effects
A: no striking features
a: no special abilities


You were on level 1 of the Dungeon.
You visited 1 branch of the dungeon, and saw 1 of its levels.

Inventory:

Hand Weapons
 a - a +0 rapier (weapon)
Missiles
 d - 3 throwing nets (quivered)
Armour
 b - a +0 leather armour (worn)
 c - a +0 helmet (worn)


   Skills:
 + Level 2.1 Fighting
 - Level 2.6 Short Blades
 - Level 1.7 Throwing
 + Level 0.3 Armour
 + Level 2.7 Dodging


You couldn't memorise any spells.
You didn't know any spells.
Your spell library was empty.

Dungeon Overview and Level Annotations

Branches:
Dungeon (1/15)

Altars:


Message History

The goblin barely misses you.
You closely miss the goblin. The goblin closely misses you.
You closely miss the goblin. The goblin closely misses you.
You barely miss the goblin. The hobgoblin completely misses you.
The goblin hits you but does no damage.
You barely miss the goblin. The hobgoblin misses you.
The goblin barely misses you.
You completely miss the goblin. The hobgoblin hits you.
The goblin hits you with a +0 club.
You hit the endoplasm but do no damage.
The hobgoblin hits you but does no damage.
The endoplasm freezes you.
You are frozen.
The goblin barely misses you. The hobgoblin hits you.
You are too injured to fight recklessly!
You are too injured to fight recklessly!
You are too injured to fight recklessly!
You are too injured to fight recklessly!
You are too injured to fight recklessly!
You are too injured to fight recklessly!
You are too injured to fight recklessly!
You are too injured to fight recklessly!
You are too injured to fight recklessly!
You are too injured to fight recklessly!
You are too injured to fight recklessly!
You are too injured to fight recklessly!
You are too injured to fight recklessly!
You are too injured to fight recklessly!
You are too injured to fight recklessly!
You are too injured to fight recklessly!
You are too injured to fight recklessly!
Unknown command.
You hit the endoplasm.
The endoplasm is severely wounded.
The endoplasm freezes you.
You are frozen.
* * * LOW HITPOINT WARNING * * *
You puncture the endoplasm!
You kill the endoplasm!
You barely miss the goblin. The goblin hits you with a +0 club.
You die...

..#.......
#.#.......
#######.?†......
.........#
....:....#
########g# #g#
#g# .# #@# ..##
#.# ..# #.# ...
#.# #.# #.##.#
#.# #.##.# #.##
#.##.#
##..####.##.#
#..#..##..#.#


You could see 2 hobgoblins and a goblin.

Vanquished Creatures
  A dart slug (D:1)
  An endoplasm (D:1)
2 creatures vanquished.

Notes
Turn   | Place    | Note
-------+----------+-------------------------------------------
     0 | D:1      | Umoon the Demonspawn Gladiator began the quest for the Orb.
     0 | D:1      | Reached XP level 1. HP: 16/16 MP: 1/1
    53 | D:1      | Slain by a goblin

Illustrated notes

Levels and vault maps discovered:
D:1:      dpeg_arrival_round_a, layout_basic,
          ebering_ecumenical_altar_petrified, serial_forest,
          infiniplex_forest_clump_small, infiniplex_forest_clump_small,
          infiniplex_forest_lined_4_way, infiniplex_forest_straight_3,
          infiniplex_forest_side_room, serial_park_tiny_2, grunt_decor_junction,
          chequers_serial_rivers_large_b, minmay_pentomino_o4

Action                   || total
-------------------------++-------
Melee: Rapier            ||    12
Armor: Leather armour    ||     3
Dodge: Dodged            ||     7

Table legend: (Time is in decaauts)
 A = Elapsed time spent in this place.
 B = Non-inter-level travel time spent in this place.
 C = Inter-level travel time spent in this place.
 D = Time resting spent in this place.
 E = Time spent auto-exploring this place.
 F = Levels seen in this place.
 G = Mean time per level.
                   A        B        C        D        E       F      G
               +--------+--------+--------+--------+--------+-----+--------+
         Total |     53 |     53 |      0 |      0 |     33 |   1 |   53.0 |
       Dungeon |     53 |     53 |      0 |      0 |     33 |   1 |   53.0 |
               +--------+--------+--------+--------+--------+-----+--------+

Top non-repeatable levels by time:
     D:1: 53 daAuts
